TOP OF THE 1ST |
Fort Collins Commoners batting - Pitching for Logan Swans : LHP Juan Parrot
|
Pitching: LHP Juan Parrot
|
|
Batting: RHB Art Cornell
|
0-0: Swinging Strike 0-1: Bunt for hit - play at first, batter OUT! 1-3
|
Batting: RHB Tom McBride
|
0-0: Ball 1-0: Foul Ball, location: 2F 1-1: Ball 2-1: Foul Ball, location: 2F 2-2: Ground out 4-3 (Groundball, 4)
|
Batting: RHB Edward Green
|
0-0: Called Strike 0-1: Called Strike 0-2: Ball 1-2: Ball 2-2: Fly out, F9 (Flyball, 89S)
|
Top of the 1st over - 0 run(s), 0 hit(s), 0 error(s), 0 left on base; Fort Collins 0 - Logan 0 |
BOTTOM OF THE 1ST |
Logan Swans batting - Pitching for Fort Collins Commoners : RHP Rafael Souza
|
Pitching: RHP Rafael Souza
|
|
Batting: RHB Joe Sulley
|
0-0: Called Strike 0-1: Ball 1-1: Ball 2-1: Swinging Strike 2-2: Ball 3-2: Foul Ball, location: 2F 3-2: Foul Ball, location: 2F 3-2: Base on Balls
|
Batting: RHB Víctor Cuevas
|
0-0: Ball 1-0: Called Strike 1-1: Ball 2-1: Ground out 3-1 (Groundball, 34S) Joe Sulley to second
|
Batting: SHB Francisco García
|
0-0: Hit by Pitch
|
Batting: RHB Lawrence Ware
|
0-0: Ball 1-0: Ball 2-0: Called Strike 2-1: Called Strike 2-2: Fielders Choice at 2nd, 6-4 (Groundball, 6M) Joe Sulley to third
|
Batting: LHB Roberto Herrera
|
0-0: Ball 1-0: Ball 2-0: DOUBLE (Line Drive, 89M) Joe Sulley scores Lawrence Ware to third Runner from 3rd tries for Home, SAFE, no throw
|
Batting: SHB Torajiro Ito
|
0-0: Ball 1-0: Called Strike 1-1: Called Strike 1-2: Strikes out swinging
|
Bottom of the 1st over - 2 run(s), 1 hit(s), 0 error(s), 1 left on base; Fort Collins 0 - Logan 2 |
TOP OF THE 2ND |
Fort Collins Commoners batting - Pitching for Logan Swans : LHP Juan Parrot
|
Batting: RHB Jonathan Jackson
|
0-0: Foul Ball, location: 2F 0-1: Foul Ball, location: 2F 0-2: Ball 1-2: Ground out 6-3 (Groundball, 56)
|
Batting: RHB Nick McIntyre
|
0-0: Called Strike 0-1: Foul Ball, location: 2F 0-2: DOUBLE (Flyball, 9LM)
|
Batting: RHB António Díaz
|
0-0: Foul Ball, location: 2F 0-1: DOUBLE (Line Drive, 7) Nick McIntyre scores
|
Batting: RHB Bobby Doyle
|
0-0: Foul Ball, location: 2F 0-1: Ball 1-1: Swinging Strike 1-2: Foul Ball, location: 2F 1-2: Foul Ball, location: 2F 1-2: Ball 2-2: Fly out, F8 (Flyball, 8RM)
|
Batting: RHB Silas Small
|
0-0: Swinging Strike 0-1: Ball 1-1: Foul Ball, location: 2F 1-2: Fly out, F9 (Flyball, 9S)
|
Top of the 2nd over - 1 run(s), 2 hit(s), 0 error(s), 1 left on base; Fort Collins 1 - Logan 2 |
BOTTOM OF THE 2ND |
Logan Swans batting - Pitching for Fort Collins Commoners : RHP Rafael Souza
|
Batting: RHB Júlio Ramos
|
0-0: Fly out, F8 (Line Drive, 8RM)
|
Batting: LHB Francisco Ríos
|
0-0: Ball 1-0: Ball 2-0: Foul Ball, location: 2F 2-1: Ball 3-1: Foul Ball, location: 2F 3-2: SINGLE (Groundball, 34D)
|
Batting: RHB William Dyer
|
0-0: Ball 1-0: Foul Ball, location: 2F 1-1: Ball 2-1: Swinging Strike 2-2: Ball 3-2: Foul Ball, location: 2F 3-2: Grounds into double play, 4-6-3 (Groundball, 4)
|
Bottom of the 2nd over - 0 run(s), 1 hit(s), 0 error(s), 0 left on base; Fort Collins 1 - Logan 2 |
TOP OF THE 3RD |
Fort Collins Commoners batting - Pitching for Logan Swans : LHP Juan Parrot
|
Batting: LHB Joe Hanson
|
0-0: Ball 1-0: Called Strike 1-1: SINGLE (Groundball, 4MD)
|
Batting: RHB Art Cornell
|
0-0: Ball 1-0: Ball 2-0: Called Strike 2-1: Ball 3-1: Foul Ball, location: 2F 3-2: Grounds into double play, 6-4-3 (Groundball, 6)
|
Batting: RHB Tom McBride
|
0-0: Swinging Strike 0-1: Ball 1-1: Swinging Strike 1-2: Ball 2-2: Foul Ball, location: 2F 2-2: Ball 3-2: Ground out 4-3 (Groundball, 4)
|
Top of the 3rd over - 0 run(s), 1 hit(s), 0 error(s), 0 left on base; Fort Collins 1 - Logan 2 |
BOTTOM OF THE 3RD |
Logan Swans batting - Pitching for Fort Collins Commoners : RHP Rafael Souza
|
Batting: RHB Joe Sulley
|
0-0: Called Strike 0-1: Ball 1-1: Called Strike 1-2: SINGLE (Groundball, 56D)
|
Batting: RHB Víctor Cuevas
|
0-0: Ball 1-0: Called Strike 1-1: Swinging Strike 1-2: Strikes out looking
|
Batting: SHB Francisco García
|
0-0: Called Strike Joe Sulley steals 2nd base 0-1: Foul Ball, location: 2F 0-2: Foul Ball, location: 2F 0-2: Ground out 4-3 (Groundball, 4S) Joe Sulley to third
|
Batting: RHB Lawrence Ware
|
0-0: Called Strike 0-1: Ball 1-1: Ball 2-1: Foul Ball, location: 2F 2-2: SINGLE (Groundball, 4MD) Joe Sulley scores
|
Batting: LHB Roberto Herrera
|
0-0: Ball 1-0: Ball 2-0: Foul Ball, location: 2F 2-1: Ball 3-1: SINGLE (Line Drive, 7S) Lawrence Ware to second
|
Batting: SHB Torajiro Ito
|
0-0: Fly out, F9 (Flyball, 9)
|
Bottom of the 3rd over - 1 run(s), 3 hit(s), 0 error(s), 2 left on base; Fort Collins 1 - Logan 3 |
TOP OF THE 4TH |
Fort Collins Commoners batting - Pitching for Logan Swans : LHP Juan Parrot
|
Batting: RHB Edward Green
|
0-0: SINGLE (Groundball, 56S) (infield hit)
|
Batting: RHB Jonathan Jackson
|
0-0: Ball 1-0: Called Strike 1-1: Foul Ball, location: 2F 1-2: Strikes out swinging
|
Batting: RHB Nick McIntyre
|
0-0: Ball 1-0: Fly out, F4 (Popup, 4D)
|
Batting: RHB António Díaz
|
0-0: Ball 1-0: Foul Ball, location: 2F 1-1: Ground out 1-3 (Groundball, 13)
|
Top of the 4th over - 0 run(s), 1 hit(s), 0 error(s), 1 left on base; Fort Collins 1 - Logan 3 |
BOTTOM OF THE 4TH |
Logan Swans batting - Pitching for Fort Collins Commoners : RHP Rafael Souza
|
Batting: RHB Júlio Ramos
|
0-0: Fly out, F9 (Flyball, 9S)
|
Batting: LHB Francisco Ríos
|
0-0: Ball 1-0: Called Strike 1-1: Foul Ball, location: 2F 1-2: Foul Ball, location: 2F 1-2: Fly out, F7 (Flyball, 7S)
|
Batting: RHB William Dyer
|
0-0: Called Strike 0-1: Ball 1-1: Foul Ball, location: 2F 1-2: Strikes out swinging
|
Bottom of the 4th over - 0 run(s), 0 hit(s), 0 error(s), 0 left on base; Fort Collins 1 - Logan 3 |
TOP OF THE 5TH |
Fort Collins Commoners batting - Pitching for Logan Swans : LHP Juan Parrot
|
Batting: RHB Bobby Doyle
|
0-0: Ball 1-0: Ball 2-0: SINGLE (Groundball, 6D)
|
Batting: RHB Silas Small
|
0-0: Ball 1-0: Ball 2-0: Grounds into double play, 6-4-3 (Groundball, 6)
|
Batting: LHB Joe Hanson
|
0-0: Called Strike 0-1: Swinging Strike 0-2: Ground out U3 (Groundball, 3)
|
Top of the 5th over - 0 run(s), 1 hit(s), 0 error(s), 0 left on base; Fort Collins 1 - Logan 3 |
BOTTOM OF THE 5TH |
Logan Swans batting - Pitching for Fort Collins Commoners : RHP Rafael Souza
|
Batting: RHB Joe Sulley
|
0-0: Ball 1-0: Foul Ball, location: 2F 1-1: Ball 2-1: Ball 3-1: Foul Ball, location: 2F 3-2: Base on Balls
|
Batting: RHB Víctor Cuevas
|
0-0: Ball 1-0: Ball 2-0: Called Strike 2-1: Foul Ball, location: 2F 2-2: Ball 3-2: Grounds into double play, 6-4-3 (Groundball, 6)
|
Batting: SHB Francisco García
|
0-0: Called Strike 0-1: Ball 1-1: Swinging Strike 1-2: TRIPLE (Line Drive, 89M)
|
Pitching: LHP Claudio Montalvo
|
|
Batting: RHB Lawrence Ware
|
0-0: Called Strike 0-1: Fly out, F8 (Flyball, 8LS)
|
Bottom of the 5th over - 0 run(s), 1 hit(s), 0 error(s), 1 left on base; Fort Collins 1 - Logan 3 |
TOP OF THE 6TH |
Fort Collins Commoners batting - Pitching for Logan Swans : LHP Juan Parrot
|
Batting: RHB Art Cornell
|
0-0: Ball 1-0: Ball 2-0: Ground out U3 (Groundball, 34S)
|
Batting: RHB Tom McBride
|
0-0: Foul Ball, location: 2F 0-1: Ball 1-1: Ball 2-1: Ball 3-1: Swinging Strike 3-2: Ground out U3 (Groundball, 3S)
|
Batting: RHB Edward Green
|
0-0: Ball 1-0: Called Strike 1-1: Foul Ball, location: 2F 1-2: Strikes out looking
|
Top of the 6th over - 0 run(s), 0 hit(s), 0 error(s), 0 left on base; Fort Collins 1 - Logan 3 |
BOTTOM OF THE 6TH |
Logan Swans batting - Pitching for Fort Collins Commoners : LHP Claudio Montalvo
|
Batting: LHB Roberto Herrera
|
0-0: Called Strike 0-1: Foul Ball, location: 2F 0-2: Ball 1-2: Ball 2-2: Strikes out looking
|
Batting: SHB Torajiro Ito
|
0-0: Ground out 5-3 (Groundball, 56)
|
Batting: RHB Júlio Ramos
|
0-0: Called Strike 0-1: Called Strike 0-2: Strikes out swinging
|
Bottom of the 6th over - 0 run(s), 0 hit(s), 0 error(s), 0 left on base; Fort Collins 1 - Logan 3 |
TOP OF THE 7TH |
Fort Collins Commoners batting - Pitching for Logan Swans : LHP Juan Parrot
|
Pitching: LHP Bernardo Dodson
|
|
Batting: RHB Jonathan Jackson
|
0-0: Ball 1-0: Called Strike 1-1: Foul Ball, location: 2F 1-2: Ball 2-2: Strikes out swinging
|
Batting: RHB Nick McIntyre
|
0-0: Ball 1-0: Foul Ball, location: 2F 1-1: Ball 2-1: Swinging Strike 2-2: Strikes out swinging
|
Batting: RHB António Díaz
|
0-0: Called Strike 0-1: Ball 1-1: Fly out, F8 (Flyball, 8RD)
|
Top of the 7th over - 0 run(s), 0 hit(s), 0 error(s), 0 left on base; Fort Collins 1 - Logan 3 |
BOTTOM OF THE 7TH |
Logan Swans batting - Pitching for Fort Collins Commoners : LHP Claudio Montalvo
|
Batting: LHB Francisco Ríos
|
0-0: Ball 1-0: Swinging Strike 1-1: Foul Ball, location: 2F 1-2: Foul Ball, location: 2F 1-2: Strikes out swinging
|
Batting: RHB William Dyer
|
0-0: Foul Ball, location: 2F 0-1: Foul Ball, location: 2F 0-2: Foul Ball, location: 2F 0-2: Strikes out swinging
|
Batting: RHB Joe Sulley
|
0-0: Foul Ball, location: 2F 0-1: Ball 1-1: Foul Ball, location: 2F 1-2: Foul Ball, location: 2F 1-2: Ground out 5-3 (Groundball, 5)
|
Bottom of the 7th over - 0 run(s), 0 hit(s), 0 error(s), 0 left on base; Fort Collins 1 - Logan 3 |
TOP OF THE 8TH |
Fort Collins Commoners batting - Pitching for Logan Swans : LHP Bernardo Dodson
|
Batting: RHB Bobby Doyle
|
0-0: Ball 1-0: Foul Ball, location: 2F 1-1: Ball 2-1: Swinging Strike 2-2: Ball 3-2: Strikes out swinging
|
Batting: RHB Silas Small
|
0-0: Called Strike 0-1: Called Strike 0-2: Ball 1-2: Strikes out swinging
|
Batting: LHB Joe Hanson
|
0-0: Called Strike 0-1: Ball 1-1: Called Strike 1-2: Fly out, F9 (Flyball, 9D)
|
Top of the 8th over - 0 run(s), 0 hit(s), 0 error(s), 0 left on base; Fort Collins 1 - Logan 3 |
BOTTOM OF THE 8TH |
Logan Swans batting - Pitching for Fort Collins Commoners : LHP Claudio Montalvo
|
Batting: RHB Víctor Cuevas
|
0-0: Called Strike 0-1: Ball 1-1: Foul Ball, location: 2F 1-2: Strikes out swinging
|
Batting: SHB Francisco García
|
0-0: Swinging Strike 0-1: Called Strike 0-2: Ball 1-2: Ground out 5-3 (Groundball, 5D)
|
Batting: RHB Lawrence Ware
|
0-0: Ball 1-0: Called Strike 1-1: Foul Ball, location: 2F 1-2: Fly out, F4 (Popup, 4M)
|
Bottom of the 8th over - 0 run(s), 0 hit(s), 0 error(s), 0 left on base; Fort Collins 1 - Logan 3 |
TOP OF THE 9TH |
Fort Collins Commoners batting - Pitching for Logan Swans : LHP Bernardo Dodson
|
Pitching: LHP Lonnie Phillips
|
|
Batting: RHB Art Cornell
|
0-0: Fly out, F1 (Line Drive, 13)
|
Batting: RHB Tom McBride
|
0-0: Called Strike 0-1: Foul Ball, location: 2F 0-2: Strikes out swinging
|
Batting: RHB Edward Green
|
0-0: Foul Ball, location: 2F 0-1: Called Strike 0-2: Foul Ball, location: 2F 0-2: Strikes out swinging
|
Top of the 9th over - 0 run(s), 0 hit(s), 0 error(s), 0 left on base; Fort Collins 1 - Logan 3 |
|